 Dungeon Sprint DCSS version 0.20-a0-871-g785f14b (webtiles) character file.

1001 hittemvvvvhard the Basher (level 8, -3/88 HPs)
             Began as a Troll Berserker on Mar 14, 2017.
             Was a Priest of Trog.
             Slain by a deep troll (19 damage)
             ... in the Dungeon (Sprint I: "Red Sonja").
             The game lasted 00:02:57 (566 turns).

hittemvvvvhard the Basher (Troll Berserker)          Turns: 566, Time: 00:02:58

Health: -3/88      AC:  5    Str: 26    XL:     8   Next: 0%
Magic:  7/7        EV: 13    Int:  3    God:    Trog [***...]
Gold:   325        SH:  0    Dex: 11    Spells: 7/7 levels left

rFire    . . .     SeeInvis .   a - +0 giant club
rCold    . . .     Gourm    +   b - +0 animal skin
rNeg     . . .     Faith    .   (shield currently unavailable)
rPois    .         Spirit   .   (helmet restricted)
rElec    .         Reflect  .   (no cloak)
rCorr    .         Harm     .   (gloves unavailable)
MR       ++...     NoTele   +   (boots unavailable)
Stlth    +.........             (no amulet)
Regen    1.7/turn               (no ring)
MPRegen  0.1/turn               (no ring)

@: exhausted, very slightly contaminated, regenerating, hasted and slowed
A: unfitting armour, claws 3, fast metabolism 3, gourmand, regeneration 1,
shaggy fur 1, tough skin 2
a: Berserk, Trog's Hand, Burn Spellbooks, Renounce Religion


You were in the Dungeon.
You worshipped Trog.
Trog was most pleased with you.
You were very hungry.

You visited 1 branch You collected 601 gold pieces.
You spent 276 gold pieces at shops.

Inventory:

Hand Weapons
 a - a +0 giant club (weapon)
 n - a +0 blowgun
Missiles
 o - 3 curare-tipped needles
Armour
 b - a +0 animal skin (worn)
Wands
 k - a wand of iceblast (6/15)
 p - a wand of lightning (10/15)
Scrolls
 i - a scroll of blinking
 l - a scroll of amnesia {unknown}
 m - a scroll of remove curse {unknown}
Potions
 d - 3 potions of curing
 e - a potion of heal wounds
 f - a potion of haste
 g - 2 potions of magic
 h - a potion of berserk rage
 j - 2 potions of mutation {unknown}
Comestibles
 c - 2 bread rations


   Skills:
 + Level 7.8 Fighting
 * Level 11.5 Maces & Flails
 + Level 7.8 Dodging


You had 7 spell levels left.
You didn't know any spells.

Dungeon Overview and Level Annotations

Branches:
Dungeon (1/1)

Altars:
Cheibriados
Dithmenos
Elyvilon
Fedhas
Gozag
Hepliaklqana
Kikubaaqudgha
Nemelex Xobeh
Okawaru
Qazlal
Ru
Sif Muna
Trog
Uskayaw
Vehumet
Wu Jian
Yredelemnul
Zin
The Shining One

Shops:
D =*


Innate Abilities, Weirdness & Mutations

You are too large for most types of armour.
You have claws for hands.
Your metabolism is lightning-fast.
You like to eat raw meat.
Your natural rate of healing is unusually fast.
You are covered in fur. (AC +1)
You have very tough skin. (AC +2)


Message History

The deep troll closely misses you. The deep troll claws you.
The deep troll claws you but does no damage.
You hit the deep troll.
The deep troll is lightly wounded.
You barely miss the deep troll.
The deep troll is lightly wounded.
The deep troll bites you!!
* * * LOW HITPOINT WARNING * * *
The deep troll misses you. The deep troll closely misses you.
You feel a strong urge to attack something.
There is an open door here.
You feel your anger subside.
You are no longer berserk.
You are exhausted.
You feel yourself slow down.
You feel yourself speed up.
You are very lightly contaminated with residual magic.
The deep troll bites you!
* * * LOW HITPOINT WARNING * * *
The deep troll claws you!!
You die...

#..#####'#####'#
#..####..#...#[####§
#..#__####..##.#§≈§.c
#..#_____##'#_.+§≈≈§
#⌠⌠#_.∩...'..._#≈§§.c
####_..__##_.#'##+##
#_____###)#.#
############.####+###
#∩......@T'...'$$.$$+
###++++####...#######
###.### #.#'#.#
#.....# #..[[.#
#######


You could see a deep troll.

Vanquished Creatures
  Sonja (D)
  Sigmund (D)
  A yak (D)
  An ogre (D)
  A jelly (D)
  Ijyb (D)
  2 ballistomycetes (D)
8 creatures vanquished.

Vanquished Creatures (others)
  A gargoyle (D)
  2 ballistomycete spores (D)
3 creatures vanquished.

Grand Total: 11 creatures vanquished

Notes
Turn   | Place    | Note
-------+----------+-------------------------------------------
     0 | D        | hittemvvvvhard the Troll Berserker began the quest for the Orb.
     0 | D        | Reached XP level 1. HP: 22/22 MP: 0/0
     1 | D        | Noticed Ijyb
    14 | D        | Killed Ijyb
    14 | D        | Reached skill level 4 in Maces & Flails
    14 | D        | Reached XP level 2. HP: 28/31 MP: 1/1
    23 | D        | Noticed an ogre
    29 | D        | Killed an ogre
    29 | D        | Reached skill level 6 in Maces & Flails
    29 | D        | Reached XP level 3. HP: 16/40 MP: 2/2
    29 | D        | Reached XP level 4. HP: 19/49 MP: 3/3
   100 | D        | Noticed Sigmund
   106 | D        | Killed Sigmund
   106 | D        | Reached ** piety under Trog
   106 | D        | Reached skill level 5 in Fighting
   106 | D        | Reached skill level 8 in Maces & Flails
   106 | D        | Reached skill level 5 in Dodging
   106 | D        | Reached XP level 5. HP: 58/58 MP: 4/4
   154 | D        | Found a deep blue altar of Sif Muna.
   155 | D        | Found an ornate altar of the Wu Jian Council.
   156 | D        | Found a radiant altar of Vehumet.
   161 | D        | Reached XP level 6. HP: 55/67 MP: 5/5
   200 | D        | Found Urryg's Assorted Antiques.
   200 | D        | Found an ancient bone altar of Kikubaaqudgha.
   200 | D        | Found a hazy altar of Hepliaklqana.
   200 | D        | Found a hide-covered altar of Uskayaw.
   200 | D        | Found a basalt altar of Yredelemnul.
   200 | D        | Found an opulent altar of Gozag.
   200 | D        | Found a snail-covered altar of Cheibriados.
   200 | D        | Found a sacrificial altar of Ru.
   200 | D        | Found a shadowy altar of Dithmenos.
   200 | D        | Noticed a yak
   204 | D        | Killed a yak
   204 | D        | Reached skill level 9 in Maces & Flails
   205 | D        | Found a stormy altar of Qazlal.
   205 | D        | Found a blossoming altar of Fedhas.
   205 | D        | Found a bloodstained altar of Trog.
   205 | D        | Found an iron altar of Okawaru.
   205 | D        | Found a glowing golden altar of the Shining One.
   205 | D        | Found a glowing silver altar of Zin.
   205 | D        | Found a white marble altar of Elyvilon.
   216 | D        | Found a sparkling altar of Nemelex Xobeh.
   222 | D        | Bought a potion of haste for 230 gold pieces
   222 | D        | Bought a scroll labeled WITWAELU XEASTRI for 23 gold pieces
   222 | D        | Bought a scroll labeled WOUMEXZ NOASS for 23 gold pieces
   247 | D        | Noticed Sonja
   256 | D        | Killed Sonja
   256 | D        | Reached *** piety under Trog
   256 | D        | Reached skill level 11 in Maces & Flails
   256 | D        | Reached XP level 7. HP: 27/79 MP: 6/6
   256 | D        | Reached XP level 8. HP: 30/88 MP: 7/7
   291 | D        | Killed a gargoyle
   402 | D        | Noticed a centaur warrior
   402 | D        | Noticed a centaur warrior
   415 | D        | Found Pozuaw's Jewellery Boutique.
   550 | D        | Noticed a deep troll
   566 | D        | Slain by a deep troll

Vault maps used:
D:        dungeon_sprint_1

Skill      XL: |  1  2  3  4  5  6 |
---------------+-------------------+-----
Fighting       | 3 4 5 7 |  7.8
Maces & Flails | 4 6 8 11 | 11.5
Dodging        | 3 4 5 7 |  7.8

Action                   |  1- 3 |  4- 6 |  7- 9 || total
-------------------------+-------+-------+-------++-------
Melee: Mace              |    17 |       |       ||    17
       Giant club        |       |    16 |    12 ||    28
Invok: Berserk           |     1 |     2 |     1 ||     4
       Trog's Hand       |       |     1 |     1 ||     2
  Use: Potion            |       |       |     1 ||     1
  Eat: Chunk             |       |     6 |       ||     6
Armor: Animal skin       |     4 |     7 |     1 ||    12
Dodge: Dodged            |     4 |    14 |     8 ||    26
